 Dungeon Crawl Stone Soup version 0.30-a0-4-ga7cffc901d (webtiles) character file.

Game seed: 14418929268502657209

10 Setbun the Sneak (level 2, -1/17 HPs)
             Began as a Kobold Brigand on Aug 21, 2022.
             Slain by a gnoll
             ... wielding a +0 flail of protection
              (4 damage)
             ... on level 1 of the Dungeon.
             The game lasted 00:00:26 (359 turns).

Setbun the Sneak (Kobold Brigand)                    Turns: 359, Time: 00:00:27

Health: -1/17      AC:  3    Str:  8    XL:     2   Next: 30%
Magic:  2/2        EV: 14    Int: 12    God:
Gold:   7          SH:  0    Dex: 16    Spells: 1/1 levels left

rFire   . . .      SeeInvis .    a - +2 dagger
rCold   . . .      Faith    .    (no shield)
rNeg    . . .      Spirit   .    b - +0 robe
rPois   .          Reflect  .    (no helmet)
rElec   .          Harm     .    c - +0 cloak
rCorr   .          Rampage  .    (no gloves)
Will    .....                    (no boots)
Stlth   ++++......               (no amulet)
HPRegen 0.05/turn                (no ring)
MPRegen 0.08/turn                (no ring)

@: no status effects
A: small, no large weapons, nightstalker 3
a: no special abilities


You were on level 1 of the Dungeon.
You visited 1 branch of the dungeon, and saw 1 of its levels.

You collected 7 gold pieces.

Inventory:

Hand Weapons
 a - a +2 dagger (weapon)
Missiles
 d - 9 poisoned darts (quivered)
 e - 3 curare-tipped darts
Armour
 b - a +0 robe (worn)
 c - a +0 cloak (worn)
Jewellery
 f - a ring of ice
Scrolls
 g - a scroll of identify {unknown}
 j - a scroll of teleportation {unknown}
Potions
 h - a potion of resistance {unknown}
 i - a potion of brilliance {unknown}


   Skills:
 - Level 2.1 Fighting
 * Level 3.8 Short Blades
 - Level 2.1 Throwing
 - Level 1.2 Dodging
 - Level 5.3 Stealth


You had one spell level left.
You didn't know any spells.
Your spell library was empty.

Dungeon Overview and Level Annotations

Branches:
Dungeon (1/15)

Altars:


Innate Abilities, Weirdness & Mutations

You are small and have problems with some larger weapons.
You are completely attuned to the shadows.


Message History

The goblin closely misses you.
You hit the goblin.
The goblin is almost dead.
The goblin misses you.
You closely miss the goblin.
The goblin is almost dead.
You barely miss the hobgoblin. The goblin misses you. The hobgoblin hits you.
You barely miss the hobgoblin. The goblin completely misses you.
The hobgoblin barely misses you.
You hit the hobgoblin.
The hobgoblin is heavily wounded.
You hit the hobgoblin.
The hobgoblin is almost dead.
The goblin hits you but does no damage.
The hobgoblin hits you but does no damage.
You hit the hobgoblin.
You kill the hobgoblin!
The goblin hits you with a +0 dagger.
* * * LOW HITPOINT WARNING * * *
The goblin barely misses you.
You see here a ball python corpse.
The goblin attacks as you move away! The goblin hits you with a +0 dagger.
* * * LOW HITPOINT WARNING * * *
The goblin attacks as you move away! The goblin barely misses you.
A bat comes into view.
The bat moves out of view.
The goblin attacks as you move away! The goblin hits you but does no damage.
The goblin attacks as you move away! The goblin hits you but does no damage.
A gnoll comes into view.
It is wielding a +0 flail of protection.
The gnoll shouts!
The bat hits you but does no damage.
You hit the bat.
You kill the bat!
The goblin hits you but does no damage. The goblin attacks as you move away!
The goblin barely misses you. The gnoll barely misses you.
You hit the goblin.
The goblin is severely wounded.
The gnoll hits you with a +0 flail of protection.
You die...

.. #########
.#.......#
#.......###.#...!...#
#....##.##.##..##..##
#....##....#........#
###..†.........g@....
#.######.....g.....
#.# #.#.....>..# #.#
#.#........# ###'##
#........... #....#
#....# #....# #....#


You could see a gnoll and a goblin.

Vanquished Creatures
  An endoplasm (D:1)
  3 goblins (D:1)
  2 hobgoblins (D:1)
  A ball python (D:1)
  2 bats (D:1)
9 creatures vanquished.

Notes
Turn   | Place    | Note
-------+----------+-------------------------------------------
     0 | D:1      | Setbun the Kobold Brigand began the quest for the Orb.
     0 | D:1      | Reached XP level 1. HP: 12/12 MP: 1/1
    89 | D:1      | Found a faded altar of an unknown god.
   325 | D:1      | Reached XP level 2. HP: 11/17 MP: 2/2
   359 | D:1      | Slain by a gnoll

Illustrated notes

Levels and vault maps discovered:
D:1:      dpeg_arrival_line_fractal, layout_basic,
          dreamdust_ecumenical_altar_hidden_monk_grotto, st_stairs_5,
          minmay_misc_feat_iff

Skill      XL: |  1 |
---------------+----+-----
Short Blades   | 3 |  3.8
Fighting       | |  2.1
Throwing       | |  2.1
Dodging        | |  1.2
Stealth        | |  5.3

Action                   || total
-------------------------++-------
Melee: Dagger            ||    21
 Stab: Sleeping          ||     3
Armor: Robe              ||     7
Dodge: Dodged            ||    20

Table legend: (Time is in decaauts)
 A = Elapsed time spent in this place.
 B = Non-inter-level travel time spent in this place.
 C = Inter-level travel time spent in this place.
 D = Time resting spent in this place.
 E = Time spent auto-exploring this place.
 F = Levels seen in this place.
 G = Mean time per level.
                   A        B        C        D        E       F      G
               +--------+--------+--------+--------+--------+-----+--------+
         Total |    355 |    355 |      0 |      0 |    291 |   1 |  355.0 |
       Dungeon |    355 |    355 |      0 |      0 |    291 |   1 |  355.0 |
               +--------+--------+--------+--------+--------+-----+--------+

Top non-repeatable levels by time:
     D:1: 355 daAuts
